 Dungeon Crawl Stone Soup version 0.31-a0-846-gb3bcc0d938 (webtiles) character file.

Game seed: 14020090270234958219

301119 demibob the Brawler (level 20, 0/215 (218) HPs)
             Began as a Troll Chaos Knight on Oct 3, 2023.
             Was the Champion of Jiyva.
             Slain by a yaktaur captain simulacrum (38 damage)
             ... animated by a necromancer
             ... on level 4 of the Vaults.
             The game lasted 00:58:39 (27782 turns).

demibob the Brawler (Troll Chaos Knight)           Turns: 27782, Time: 00:58:40

HP:   0/215 (218)   AC: 26    Str: 27    XL:     20   Next: 18%
MP:   28/28         EV:  9    Int:  7    God:    Jiyva [******]
Gold: 2685          SH: 20    Dex: 21    Spells: 19/19 levels left

rFire   + .          .
                       - Unarmed
rCold   . . .        X - +2 kite shield {reflect}
rNeg    + . .        l - +2 swamp dragon scales "Sangiog" {rPois rN+}
rPois   +            (helmet restricted)
rElec   .            s - +1 cloak
rCorr   +            (gloves unavailable)
SInv    .            (boots unavailable)
Will    +....        D - amulet "Xiytoq" {Reflect MP+9 SH+5}
Stlth   ++           J - ring of Hoyfiop {rF+ Str+3}
HPRegen 2.95/turn    T - +4 ring of protection
MPRegen 0.71/turn

%: reflection
@: studying Short Blades, lightly drained
A: large, unfitting armour, claws 3, regeneration 1, shaggy fur 1, tough skin 1,
antennae 1, hooves 1, iridescent scales 2, thin skeletal structure 1, agile 1,
wild magic 3, acidic bite, jelly sensing items
}: 2/15 runes: serpentine, slimy
a: Renounce Religion, Oozemancy, Slimify


You were on level 4 of the Vaults.
You worshipped Jiyva.
Jiyva was exalted by your worship.
You visited 6 branches of the dungeon, and saw 35 of its levels.

You collected 4300 gold pieces.
You spent 1615 gold pieces at shops.


Innate Abilities, Weirdness & Mutations

You are too large for most types of armour.
You have claws for hands.
Your natural rate of healing is unusually fast.
You are covered in fur. (AC +1)
You have tough skin. (AC +1)
You have a pair of small antennae on your head.
You have large cloven feet.
You are mostly covered in iridescent scales. (AC +4)
You have a somewhat thin skeletal structure. (Dex +2, Stealth+)
You are agile. (Dex +4, Str/Int -1)
Your spells are much harder to cast, but much more powerful.
You have acidic saliva.
You have a small jelly attached to you that senses nearby items.


   Skills:
 + Level 17.5 Fighting
 - Level 10.1 Throwing
 - Level 13.9 Armour
 - Level 1.9 Dodging
 + Level 9.7 Shields
 - Level 20.6 Unarmed Combat


You had 19 spell levels left.
You didn't know any spells.
Your spell library contained the following spells:

 Spells                   Type           Power      Damage    Failure   Level
 Sandblast                Erth           0%         2d4       89%         1
 Slow                     Hex            0%         N/A       89%         1
 Blink                    Tloc           0%         N/A       95%         2
 Lesser Beckoning         Tloc           0%         N/A       95%         2
 Passwall                 Tmut/Erth      0%         N/A       95%         2
 Confusing Touch          Hex            0%         N/A       99%         3
 Dazzling Flash           Conj/Hex       0%         N/A       99%         3
 Gell's Gravitas          Tloc           0%         N/A       99%         3
 Ozocubu's Armour         Ice            0%         N/A       99%         3
 Sigil of Binding         Hex            0%         N/A       99%         3
 Stone Arrow              Conj/Erth      0%         3d7       99%         3
 Teleport Other           Tloc           0%         N/A       99%         3
 Vampiric Draining        Necr           0%         2d6       99%         3
 Volatile Blastmotes      Fire/Tloc      0%         2d10      99%         3
 Anguish                  Hex/Necr       0%         N/A       100%        4
 Brom's Barrelling Bould  Conj/Erth      0%         2d3       100%        4
 Cause Fear               Hex            0%         N/A       100%        4
 Manifold Assault         Tloc           0%         N/A       100%        4
 Vhi's Electric Charge    Tloc/Air       0%         N/A       100%        4
 Arcjolt                  Conj/Air       0%         1d10      100%        5
 Iskenderun's Battlesphe  Conj           0%         2d6       100%        5
 Bombard                  Conj/Erth      0%         9d1       100%        6
 Plasma Beam              Fire/Air       0%         2x1d10    100%        6
 Starburst                Conj/Fire      0%         6d3       100%        6
 Enfeeble                 Hex            0%         N/A       100%        7
 Malign Gateway           Summ/Tloc      0%         N/A       100%        7
 Ozocubu's Refrigeration  Ice            0%         4d7       100%        7
 Spellforged Servitor     Conj/Summ      0%         N/A       100%        7
 Maxwell's Capacitive Co  Air            0%         ∞         100%        8
 Summon Horrible Things   Summ           0%         N/A       100%        8

Inventory:

Missiles
 q - 5 throwing nets {=f}
 u - 26 large rocks (quivered) {=f}
Armour
 e - the +2 hat of the Hungering Gods {rElec rF+ rC- SInv}
   (You found it on level 11 of the Dungeon)

   rF+:       It protects you from fire.
   rC-:       It makes you vulnerable to cold.
   rElec:     It insulates you from electricity.
   SInv:      It lets you see invisible.
 f - the orb "Osot" {light, Rampage rF+ Int+6 Dex+3}
   (You bought it in a shop on level 2 of the Orcish Mines)

   Int+6:     It affects your intelligence (+6).
   Dex+3:     It affects your dexterity (+3).
   rF+:       It protects you from fire.
   Rampage:   It bestows one free step when moving towards enemies.
 l - the +2 swamp dragon scales "Sangiog" (worn) {rPois rN+}
   (You found it on level 5 of the Pits of Slime)

   rPois:     It protects you from poison rN+: It protects you from negative
   energy.
 s - a +1 cloak (worn)
 U - a +0 kite shield of reflection
 X - a +2 kite shield of reflection (worn)
Magical Staves
 L - a staff of conjuration {!a}
 Q - a staff of death {!a}
 R - the staff "Bepnozott" {rElec rC+ Will+ Ice, !a}
   (You found it on level 1 of the Snake Pit)

   [staff of cold]

   Base accuracy: +5 Base damage: 5 Base attack delay: 1.2 This weapon's minimum
   attack delay (0.6) is reached at skill level 12.
   rC+:       It protects you from cold.
   rElec:     It insulates you from electricity.
   Will+:     It increases your willpower.
   Ice:       It increases the power of your Ice spells.
   It falls into the 'Staves' category.
   It is a one-clawed weapon.
Jewellery
 c - a ring of ice
 n - a ring of positive energy
 v - a ring of see invisible
 D - the amulet "Xiytoq" (around neck) {Reflect MP+9 SH+5}
   (You found it on level 5 of the Pits of Slime)

   [amulet of reflection]

   Reflect:   It reflects blocked missile attacks.
   MP+9:      It affects your magic capacity (+9).
   SH+5:      It affects your SH (+5).
 I - a +6 ring of intelligence
 J - the ring of Hoyfiop (left claw) {rF+ Str+3}
   (You found it on level 5 of the Pits of Slime)

   [ring of protection from fire]

   Str+3:     It affects your strength (+3).
   rF+:       It protects you from fire.
 M - a ring of magical power
 N - a ring of positive energy
 P - a ring of poison resistance
 T - a +4 ring of protection (right claw)
Wands
 p - a wand of acid (1)
 x - a wand of roots (16)
 y - a wand of polymorph (5)
 C - a wand of flame (7)
 F - a wand of digging (1)
Scrolls
 a - 3 scrolls of enchant armour
 b - a scroll of amnesia
 d - 2 scrolls of immolation
 w - 3 scrolls of enchant weapon
 B - 4 scrolls of fog
 E - a scroll of vulnerability
 O - 2 scrolls of identify {@r1}
 S - 2 scrolls of revelation
 W - a scroll of brand weapon
Potions
 g - 3 potions of attraction
 h - 3 potions of might
 i - a potion of magic
 j - a potion of enlightenment
 k - 2 potions of curing {@q1}
 m - a potion of cancellation
 r - 3 potions of lignification
 t - 4 potions of brilliance
 z - 5 potions of mutation
 A - a potion of resistance
Miscellaneous
 o - a lightning rod (4/4)

Dungeon Overview and Level Annotations

Branches:
Dungeon (15/15)            Temple (0/1) D:7            Lair (5/5) D:10
  Swamp (0/4) Lair:3        Snake (4/4) Lair:2        Slime (5/5) Lair:4
    Orc (2/2) D:12            Elf (0/3) Orc:2        Vaults (4/5) D:14
  Crypt (0/3) Vaults:2     Depths (0/4) D:15

Altars:
Ashenzari
Cheibriados
Dithmenos
Fedhas
Kikubaaqudgha
Makhleb
Okawaru
Ru
Sif Muna
Uskayaw
Wu Jian
Xom
Yredelemnul
The Shining One
Jiyva

Shops:
D:1 (   Orc:2 *=[?   Snake:3 :   Snake:4 ::=   Vaults:1 ::=:*   Vaults:4 [*

Annotations:
D:4 1 runed translucent door, Elsrick's ghost, weakling HuDe
Slime:5 Royal Jelly
Vaults:4 1 transporter

▓▓ ▓.▓ ▓..###.#.###..▓ ▓.▓
▓.▓ ▓..##.....##†.▓ ▓.▓ ▓.▓
▓..#.....#.#..▓ ▓.▓ ▓.▓
▓........##...▓ ▓.▓ ▓ ▓.▓
▓.............▓ ▓.▓ ▓ ▓.▓
▓.▒O##.).##.▒.▓ ▓.▓ ▓▓ ▓.▓
▓.▒...Je)..#▒.▓ ▓.▓ ▓. ▓.▓
▓▒▒..cYp..##▒▒▓ ▓.▓ ▓▓. ▓.▓
▓▓▒.#.@3..##▒▓▓ ▓.▓ ▓..
▓.▓▓▓▓▓...Z)....▓▓▓▓▓.▓ ▓..
▓.....▓.........▓.....▓ ▓▓▓
▓▓▓▓▓▓▓▓▓▓▓.▓......Z..▓.▓▓▓▓▓
▓. .▓..▓....▓▓.▓.........▓.▓
▓. .........▓▓.▓....©....▓.▓
▓▓ .▓..▓....▓▓.▓▓▓▓▒▒▒▓▓▓▓.▓
▓ ▓▓..▓▓...▓▓......©......▓ ▓
▓....▓▓.▓▓▓▓▓▓▓▓...▓▓▓▓▓▓
▓▓▓▓


You could see a dire elephant (soul bound, very poisoned), an ironbound
thunderhulk (soul bound, very poisoned), a yaktaur captain (soul bound), a deep
elf demonologist, a necromancer, a sixfirhy (summoned), a yaktaur captain
simulacrum, a deep troll earth mage simulacrum and a neutral acid blob
(wandering) (fellow slime).


Message History

* * * LOW HITPOINT WARNING * * *
The necromancer hits you but does no damage.
Unknown command.
You mangle the deep troll earth mage!!
You kick the deep troll earth mage, but do no damage.
The deep troll earth mage is severely wounded.
The yaktaur captain hits you.
* * * LOW HITPOINT WARNING * * *
You hear a slurping noise.
The acid blob barely misses the yaktaur captain.
You mangle the deep troll earth mage!!
You kill the deep troll earth mage!
A freezing mist starts to gather...
A deep troll earth mage simulacrum comes into view.
The sixfirhy hits you but does no damage.
You block the sixfirhy's attack.
The necromancer gestures at you while chanting.
The bolt of negative energy hits you! You partially resist.
You feel drained.
* * * LOW HITPOINT WARNING * * *
The dire elephant barely misses you.
The dire elephant trunk-slaps you but does no damage.
The sixfirhy barely misses you. The yaktaur captain closely misses you.
You mangle the yaktaur captain simulacrum!!
You kick the yaktaur captain simulacrum.
The yaktaur captain simulacrum is severely damaged.
You block the sixfirhy's attack. x2; The sixfirhy barely misses you.
The yaktaur captain simulacrum hits you.
* * * LOW HITPOINT WARNING * * *
The yaktaur captain simulacrum freezes you!!!
You die...

Skill      XL: |  1  2  3  4  5  6  7  8  9 10 11 12 13 14 15 16 17 18 19 |
---------------+----------------------------------------------------------+-----
Unarmed Combat | 4 5 7 8 9 12 14 16 18 19 20 | 20.6
Fighting       | 3 7 10 11 12 15 16 17 | 17.5
Armour         | 2 7 10 12 13 | 13.9
Throwing       | 2 8 10 | 10.1
Shields        | 5 9 |  9.7
Dodging        | |  1.9

Action                     |  1- 3 |  4- 6 |  7- 9 | 10-12 | 13-15 | 16-18 | 19-21 || total
---------------------------+-------+-------+-------+-------+-------+-------+-------++-------
  Melee: Unarmed           |   115 |   101 |   305 |   464 |   736 |   787 |   438 ||  2946
         Punch             |       |     1 |    24 |    52 |    53 |       |       ||   130
         Pseudopods        |       |       |       |    53 |    62 |   255 |    36 ||   406
         Kick              |       |       |       |       |   215 |   381 |   225 ||   821
         Bite              |       |       |       |       |    63 |    78 |    79 ||   220
  Throw: Large rock        |       |       |       |       |    10 |     3 |     5 ||    18
 Invoke: Oozemancy         |       |       |       |     2 |     6 |     6 |     1 ||    15
         Slimify           |       |       |       |     1 |       |       |     2 ||     3
  Evoke: Wand              |       |       |       |     5 |     6 |     3 |       ||    14
    Use: Scroll            |     5 |     3 |     7 |     4 |     7 |    13 |     1 ||    40
         Potion            |       |       |     3 |     2 |     3 |     8 |     6 ||    22
   Stab: Distracted        |       |     1 |       |       |       |     2 |       ||     3
         Confused          |       |       |     1 |     6 |       |       |       ||     7
         Sleeping          |       |       |     1 |     1 |     4 |     6 |       ||    12
         Invisible         |       |       |       |       |       |       |     3 ||     3
 Armour: Robe              |    81 |    49 |   209 |   267 |       |       |       ||   606
         Swamp dragon scal |       |       |       |    29 |   438 |   625 |   294 ||  1386
  Dodge: Dodged            |    59 |    43 |   122 |   151 |   234 |   260 |    89 ||   958
  Block: Other             |    12 |    11 |    61 |    85 |    64 |       |       ||   233
         Reflection        |       |       |     1 |     2 |     2 |    21 |    21 ||    47
         Orb               |       |       |       |       |    51 |   128 |       ||   179
         Kite shield       |       |       |       |       |       |    20 |   320 ||   340

Levels and vault maps discovered:
D:1:      beargit_arrival_diablo_church, layout_basic, serial_shops,
          nicolae_shop_real_fake_doors, solitary_fountain,
          minmay_split_cup_large
D:2:      layout_basic, minmay_hexomino_c4
D:3:      layout_basic, shapermc_ecumenical_altar_mp_highgroup
D:4:      layout_loops_ring, hellmonk_ghost_happy_afterlife, lightli_minifort
D:5:      layout_basic
D:6:      layout_basic, nicolae_overflows_in_rows,
          chequers_serial_rivers_micro_a
D:7:      layout_basic, minmay_temple_entry_sparse_star, nicolae_the_louvre
D:8:      layout_gridville, nzn_wu_jian_contemplation,
          kennysheep_generic_room_14
D:9:      layout_roguey, uniq_maurice
D:10:     layout_loops_cross, nicolae_overflow_hidden_temple,
          erik_lair_orcish_takeover, st_stairs_8
D:11:     layout_grid_maze
D:12:     layout_loops_ring, minmay_orc_entry_temple_small
D:13:     layout_basic, special_room [special_room_orc]
D:14:     layout_basic, david_vaults_1, lightli_church_of_beogh
D:15:     gammafunk_enter_depths_forms, layout_loops_cross,
          okawaru_metal_pillars_1_2, grunt_dithmenos_smoke
Lair:1:   layout_regular_city, uniq_fannar
Lair:2:   layout_regular_city, dummy_snake_entry, chequers_serial_rivers_room_b,
          grunt_megastairs_1
Lair:3:   layout_layer_cave, nicolae_swamp_entry_splash_gauntlet, minivault_11,
          infiniplex_staircase_pool_2
Lair:4:   beast_lair_carwin_large_1, layout_small_grid,
          dpeg_slime_entry_enclosed
Lair:5:   wormcave, layout_regular_city, st_stairs_11
Snake:1:  layout_rooms, nicolae_snake_storage_room
Snake:2:  layout_basic, uniq_mlioglotl, uniq_jorgrun, uniq_vashnia
Snake:3:  layout_gridlike, nicolae_shop_vocational, grunt_megastairs_4
Snake:4:  snake_pit, layout_cave_town, minmay_shop_grove
Slime:1:  layout_caves, cheibrodos_slime_lost_civilization_6
Slime:2:  layout_caves
Slime:3:  layout_caves
Slime:4:  layout_caves
Slime:5:  slime_pit_nicolae_block_by_block
Orc:1:    layout_caves
Orc:2:    st_orc_open, layout_caves, roderic_batcave
Vaults:1: v_rooms_6, nicolae_vaults_what_the_h,
          nicolae_vaults_loss_of_containment, nicolae_vaults_little_squares_5,
          nicolae_vaults_house_3, nicolae_vaults_double_plus_2, v_misc_14,
          v_misc_25, v_alt_pattern_1, nicolae_vaults_sealed_display, v_misc_3,
          nicolae_vaults_octothorpe, ontoclasm_vaults_loading_screen,
          nicolae_vaults_storage_room_statues, layout_vaults_big_cross,
          serial_shops, shop_statue, nicolae_shop_crystal, shop, shop,
          nicolae_shop_back_alley_shop
Vaults:2: vaults_standard_mumra_enter_the_diamond,
          minmay_crypt_entry_necro_gods, v_alt_pattern_1,
          nicolae_vaults_bisected_slash, nicolae_vaults_surprise_closet,
          v_misc_26, v_misc_1, v_misc_28, v_misc_29, ontoclasm_vaults_bender,
          grunt_vaults_hallway_long, hangedman_vaults_corner_blocks,
          layout_vaults_big_room
Vaults:3: nicolae_vaults_three_branches, vaults_mumra_minichess,
          nicolae_vaults_tetromino_T_1, v_misc_29, vaults_room_hallway,
          nicolae_vaults_wine_cellar, nicolae_vaults_house_1,
          nicolae_vaults_tetromino_Z_2, v_misc_27, layout_vaults_omnigrid
Vaults:4: vaults_dpeg_hooks, nicolae_vaults_network_periphery,
          nicolae_vaults_double_plus_1, gammafunk_dig_for_victory,
          ontoclasm_vaults_spin, v_misc_1, v_rooms_2, vaults_room_ringed_pool,
          ontoclasm_vaults_tryst, v_misc_26,
          nicolae_vaults_taking_the_gang_shopping,
          nicolae_vaults_trapezoid_lopsided_3,
          nicolae_vaults_offset_grid_hallway_3, vaults_room_mumra_shop_pool,
          layout_vaults_omnibox

Notes
Turn   | Place    | Note
-------+----------+-------------------------------------------
     0 | D:1      | demibob the Troll Chaos Knight began the quest for the Orb.
     0 | D:1      | Reached XP level 1. HP: 22/22 MP: 0/0
   112 | D:1      | Reached XP level 2. HP: 28/29 MP: 1/1
   177 | D:1      | Found Tiumoic's Weapon Emporium.
   246 | D:1      | Reached skill level 4 in Unarmed Combat
   301 | D:1      | Reached XP level 3. HP: 36/36 MP: 2/2
   700 | D:2      | XOM: cast spell 'Leda's Liquefaction'
   991 | D:2      | Reached XP level 4. HP: 31/44 MP: 3/3
   994 | D:2      | Reached skill level 5 in Unarmed Combat
  1233 | D:2      | XOM: give mutations
  1233 | D:2      | Gained mutation: You are weak. (Str -2) [Xom's mischief]
  1233 | D:2      | Gained mutation: You are frail. (-10% HP) [Xom's mischief]
  1233 | D:2      | Lost mutation: You are weak. (Str -2) [Xom's mischief]
  1233 | D:2      | Lost mutation: You are frail. (-10% HP) [Xom's mischief]
  1266 | D:2      | XOM: give mutations
  1266 | D:2      | Gained mutation: You occasionally lose the ability to read
                  | scrolls when taking damage. [Xom's mischief]
  1266 | D:2      | Gained mutation: Your spells are a little harder to cast,
                  | but a little more powerful. [Xom's mischief]
  1284 | D:2      | Identified a potion of resistance
  1584 | D:3      | You fall into a shaft and drop 1 floor!
  1619 | D:4      | Reached XP level 5. HP: 46/50 MP: 4/4
  1681 | D:3      | XOM: chaos upgrade
  1958 | D:3      | Found a faded altar of an unknown god.
  2013 | D:3      | XOM: torment (26/50 hp)
  2418 | D:3      | Prayed at the altar of an unknown god.
  2418 | D:3      | Fell from the grace of Xom
  2418 | D:3      | Became a worshipper of Jiyva Jatwat the Shapeless
  2418 | D:3      | Reached * piety under Jiyva
  2448 | D:4      | Noticed Elsrick's ghost (weakling HuDe)
  2489 | D:4      | Noticed an ogre
  2499 | D:4      | Killed an ogre
  2500 | D:4      | Reached skill level 6 in Unarmed Combat
  2525 | D:4      | Noticed a black bear
  2534 | D:4      | Killed a black bear
  2535 | D:4      | Reached skill level 7 in Unarmed Combat
  2535 | D:4      | Reached XP level 6. HP: 42/59 MP: 5/5
  2688 | D:4      | Reached skill level 8 in Unarmed Combat
  2688 | D:4      | Reached XP level 7. HP: 62/66 MP: 6/6
  2738 | D:4      | XOM: noise
  2777 | D:4      | Reached ** piety under Jiyva
  2879 | D:4      | Found a runed translucent door.
  3115 | D:5      | Entered Level 5 of the Dungeon
  3158 | D:5      | Reached skill level 9 in Unarmed Combat
  3237 | D:5      | Reached XP level 8. HP: 70/74 MP: 7/7
  3281 | D:5      | Reached skill level 10 in Unarmed Combat
  3575 | D:5      | Reached *** piety under Jiyva
  3673 | D:6      | Found an iron altar of Okawaru.
  3674 | D:6      | Found a snail-covered altar of Cheibriados.
  3674 | D:6      | Found a hide-covered altar of Uskayaw.
  3674 | D:6      | Found a shimmering blue altar of Sif Muna.
  3675 | D:6      | Found a sacrificial altar of Ru.
  3675 | D:6      | Found a glowing golden altar of the Shining One.
  3676 | D:6      | Found a broken altar of Ashenzari.
  3676 | D:6      | Found a burning altar of Makhleb.
  3677 | D:6      | Found a basalt altar of Yredelemnul.
  3678 | D:6      | Found a shimmering altar of Xom.
  3678 | D:6      | Found a blossoming altar of Fedhas.
  3716 | D:6      | Lost mutation: Your spells are a little harder to cast, but
                  | a little more powerful. [Jiyva's grace]
  3716 | D:6      | Lost mutation: You occasionally lose the ability to read
                  | scrolls when taking damage. [Jiyva's grace]
  3716 | D:6      | Gained mutation: Your flesh is cold resistant. (rC+)
                  | [Jiyva's grace]
  3716 | D:6      | Gained mutation: Your flesh is very cold resistant. (rC++)
                  | [Jiyva's grace]
  3716 | D:6      | Gained mutation: Your flesh is almost immune to the effects
                  | of cold. (rC+++) [Jiyva's grace]
  3716 | D:6      | Gained mutation: Your spells are a little harder to cast,
                  | but a little more powerful. [Jiyva's grace]
  3794 | D:6      | Reached skill level 11 in Unarmed Combat
  3960 | D:6      | Identified the +4 short sword of Mastery {holy, rElec MP-9
                  | Int+6}
  4275 | D:6      | XOM: silly message
  4367 | D:7      | XOM: silly message
  4418 | D:7      | Reached skill level 12 in Unarmed Combat
  4433 | D:7      | Reached XP level 9. HP: 54/80 MP: 8/8
  4452 | D:7      | Reached **** piety under Jiyva
  4458 | D:7      | XOM: silly message
  4561 | D:7      | Found a staircase to the Ecumenical Temple.
  5135 | D:8      | Reached skill level 13 in Unarmed Combat
  5182 | D:8      | Reached ***** piety under Jiyva
  5197 | D:8      | Lost mutation: Your flesh is almost immune to the effects
                  | of cold. (rC+++) [Jiyva's grace]
  5197 | D:8      | Lost mutation: Your spells are a little harder to cast, but
                  | a little more powerful. [Jiyva's grace]
  5197 | D:8      | Gained mutation: You have a small jelly attached to you
                  | that may absorb projectiles. [Jiyva's grace]
  5197 | D:8      | Gained mutation: You are agile. (Dex +4, Str/Int -1)
                  | [Jiyva's grace]
  5197 | D:8      | Gained mutation: You are very agile. (Dex +8, Str/Int -2)
                  | [Jiyva's grace]
  5197 | D:8      | Gained mutation: Your body has grown eyes which may confuse
                  | attackers. (Acc +3) [Jiyva's grace]
  5427 | D:8      | Noticed a cyclops
  5435 | D:8      | Killed a cyclops
  5451 | D:8      | XOM: polymorph rockslime -> iron dragon
  5471 | D:8      | Found an ornate altar of the Wu Jian Council.
  5543 | D:8      | Reached skill level 14 in Unarmed Combat
  5793 | D:8      | XOM: scenery: 1 doors close
  5823 | D:9      | XOM: 2-stop teleportation journey
  5999 | D:9      | Reached XP level 10. HP: 88/88 MP: 9/9
  6136 | D:9      | Reached skill level 15 in Unarmed Combat
  6165 | D:9      | Noticed Maurice
  6169 | D:9      | Killed Maurice
  6357 | D:10     | Entered Level 10 of the Dungeon
  6419 | D:10     | Found a shadowy altar of Dithmenos.
  6529 | D:10     | Found a staircase to the Lair.
  6550 | D:10     | Reached skill level 16 in Unarmed Combat
  6752 | D:10     | Lost mutation: Your flesh is very cold resistant. (rC++)
                  | [Jiyva's grace]
  6752 | D:10     | Gained mutation: Armour fits poorly on your pseudopods.
                  | [Jiyva's grace]
  6752 | D:10     | Gained mutation: Armour fits poorly on your large
                  | pseudopods. [Jiyva's grace]
  6752 | D:10     | Gained mutation: Armour fits poorly on your massive
                  | pseudopods. [Jiyva's grace]
  6752 | D:10     | Gained mutation: You have a small jelly attached to you
                  | that senses nearby items. [Jiyva's grace]
  7089 | Lair:1   | Entered Level 1 of the Lair of Beasts
  7106 | Lair:1   | Reached XP level 11. HP: 94/94 MP: 10/10
  7166 | Lair:1   | Reached skill level 17 in Unarmed Combat
  7387 | Lair:1   | Reached skill level 18 in Unarmed Combat
  7431 | Lair:1   | Reached ****** piety under Jiyva
  7671 | Lair:1   | Noticed Fannar
  7691 | Lair:1   | Killed Fannar
  7968 | Lair:2   | Found a staircase to the Snake Pit.
  8108 | Lair:2   | Lost mutation: You are very agile. (Dex +8, Str/Int -2)
                  | [Jiyva's grace]
  8108 | Lair:2   | Lost mutation: You are agile. (Dex +4, Str/Int -1) [Jiyva's
                  | grace]
  8108 | Lair:2   | Lost mutation: Armour fits poorly on your massive
                  | pseudopods. [Jiyva's grace]
  8108 | Lair:2   | Lost mutation: Armour fits poorly on your large pseudopods.
                  | [Jiyva's grace]
  8108 | Lair:2   | Lost mutation: You have a small jelly attached to you that
                  | senses nearby items. [Jiyva's grace]
  8108 | Lair:2   | Gained mutation: Your flesh is heat resistant. (rF+)
                  | [Jiyva's grace]
  8108 | Lair:2   | Gained mutation: Your flesh is very heat resistant. (rF++)
                  | [Jiyva's grace]
  8108 | Lair:2   | Gained mutation: Your flesh is almost immune to the effects
                  | of heat. (rF+++) [Jiyva's grace]
  8108 | Lair:2   | Gained mutation: Your melee attacks may engulf your foes in
                  | ooze. [Jiyva's grace]
  8136 | Lair:2   | Reached skill level 3 in Fighting
  8144 | Lair:2   | XOM: give mutation
  8144 | Lair:2   | Gained mutation: You are dopey. (Int -2) [Xom's mischief]
  8364 | Lair:2   | Noticed an eight-headed hydra
  8374 | Lair:2   | Slimified a nine-headed hydra
  8374 | Lair:2   | a nine-headed hydra changed into a slime creature
  8458 | Lair:2   | Reached XP level 12. HP: 89/107 MP: 11/11
  8607 | Lair:2   | XOM: draining
  8837 | Lair:3   | Reached skill level 4 in Fighting
  8837 | Lair:3   | Reached skill level 19 in Unarmed Combat
  8916 | Lair:3   | Reached skill level 5 in Fighting
  9403 | Lair:3   | XOM: give mutations
  9403 | Lair:3   | Gained mutation: You possess an exceptional clarity of
                  | mind. [Xom's mischief]
  9403 | Lair:3   | Gained mutation: You are very dopey. (Int -4) [Xom's
                  | mischief]
  9403 | Lair:3   | Lost mutation: Armour fits poorly on your pseudopods.
                  | [Xom's mischief]
  9425 | Lair:3   | XOM: polymorph jelly -> shapeshifter
  9512 | Lair:3   | XOM: polymorph electric eel -> river rat
  9518 | Lair:3   | Found a staircase to the Swamp.
  9592 | Lair:3   | Lost mutation: You possess an exceptional clarity of mind.
                  | [Jiyva's grace]
  9592 | Lair:3   | Lost mutation: You are very dopey. (Int -4) [Jiyva's grace]
  9592 | Lair:3   | Lost mutation: You are dopey. (Int -2) [Jiyva's grace]
  9592 | Lair:3   | Lost mutation: Your flesh is almost immune to the effects
                  | of heat. (rF+++) [Jiyva's grace]
  9592 | Lair:3   | Lost mutation: You have a small jelly attached to you that
                  | may absorb projectiles. [Jiyva's grace]
  9592 | Lair:3   | Gained mutation: Your translucent skin slightly reduces
                  | your foes' accuracy. (Stealth+) [Jiyva's grace]
  9592 | Lair:3   | Gained mutation: Your translucent skin reduces your foes'
                  | accuracy. (Stealth+) [Jiyva's grace]
  9592 | Lair:3   | Gained mutation: Your transparent skin significantly
                  | reduces your foes' accuracy. (Stealth+) [Jiyva's grace]
  9592 | Lair:3   | Gained mutation: You have a small jelly attached to you
                  | that may absorb projectiles. [Jiyva's grace]
  9619 | Lair:3   | Reached skill level 6 in Fighting
  9915 | Lair:4   | Noticed a four-headed hydra
  9919 | Lair:4   | Killed a four-headed hydra
  9959 | Lair:4   | XOM: confusion
 10060 | Lair:4   | Found a viscous altar of Jiyva.
 10060 | Lair:4   | Found a staircase to the Slime Pits.
 10070 | Slime:1  | Entered Level 1 of the Pits of Slime
 10071 | Slime:1  | Noticed an acid blob
 10080 | Slime:3  | Noticed an acid blob
 10085 | Slime:4  | Noticed an azure jelly
 10085 | Slime:4  | Noticed an acid blob
 10123 | Slime:4  | Noticed an acid blob
 10125 | Slime:5  | Entered Level 5 of the Pits of Slime
 10148 | Slime:5  | Noticed an acid blob
 10168 | Slime:5  | Noticed a quicksilver ooze
 10184 | Slime:5  | Noticed an acid blob
 10191 | Slime:5  | Noticed an azure jelly
 10204 | Slime:5  | Noticed a great orb of eyes
 10204 | Slime:5  | Noticed an acid blob
 10206 | Slime:5  | Noticed an acid blob
 10208 | Slime:5  | Found a viscous altar of Jiyva.
 10208 | Slime:5  | Noticed an acid blob
 10208 | Slime:5  | Noticed a great orb of eyes
 10215 | Slime:5  | Identified the amulet "Xiytoq" {Reflect MP+9 SH+5}
 10218 | Slime:5  | Identified the +5 scimitar "Wyvvirhe" {flame, Str+3 Int+3}
 10230 | Slime:5  | Noticed a great orb of eyes
 10230 | Slime:5  | Noticed a great orb of eyes
 10234 | Slime:5  | Identified the +8 scimitar "Ehon" {elec, rN+}
 10235 | Slime:5  | Identified the staff of Spite {Fly rF+ Str+3 Int+9 Dex-5
                  | Fire}
 10239 | Slime:5  | Identified the +2 swamp dragon scales "Sangiog" {rPois rN+}
 10252 | Slime:5  | Noticed a quicksilver ooze
 10255 | Slime:5  | Noticed an acid blob
 10255 | Slime:5  | Noticed a rockslime
 10258 | Slime:5  | Noticed an acid blob
 10262 | Slime:5  | Noticed the Royal Jelly
 10293 | Slime:5  | Found the +10 dark maul {heavy}
 10298 | Slime:5  | Identified the +0 robe of Life {Drain rN+ Str+3 SInv}
 10299 | Slime:5  | Identified the ring of Hoyfiop {rF+ Str+3}
 10304 | Slime:5  | Got a slimy rune of Zot
 10347 | Slime:5  | Noticed a rockslime
 10373 | Slime:5  | Noticed a rockslime
 10374 | Slime:5  | Noticed an acid blob
 10409 | Slime:5  | Noticed a rockslime
 10612 | Slime:5  | Noticed an azure jelly
 10616 | Slime:5  | Noticed an azure jelly
 10676 | Slime:5  | Noticed a formless jellyfish
 10677 | Slime:5  | Noticed a rockslime
 10908 | Slime:5  | Noticed an azure jelly
 11257 | Lair:4   | Reached skill level 7 in Fighting
 11257 | Lair:4   | Reached skill level 1 in Armour
 11381 | Lair:4   | Reached skill level 2 in Armour
 11439 | Lair:4   | Noticed a death yak
 11444 | Lair:4   | Noticed a death yak
 11444 | Lair:4   | Noticed a death yak
 11444 | Lair:4   | Noticed a death yak
 11444 | Lair:4   | Noticed a death yak
 11444 | Lair:4   | Noticed a death yak
 11491 | Lair:4   | Killed a death yak
 11492 | Lair:4   | Reached XP level 13. HP: 113/124 MP: 12/12
 11502 | Lair:4   | Reached skill level 3 in Armour
 11530 | Lair:4   | Reached skill level 8 in Fighting
 11554 | Lair:4   | Reached skill level 4 in Armour
 11960 | Lair:5   | Entered Level 5 of the Lair of Beasts
 11973 | Lair:5   | Reached skill level 5 in Armour
 12019 | Lair:5   | XOM: 1-stop teleportation journey
 12046 | Lair:5   | Reached skill level 9 in Fighting
 12099 | Lair:5   | Reached skill level 6 in Armour
 12120 | Lair:5   | Lost mutation: Your flesh is cold resistant. (rC+) [Jiyva's
                  | grace]
 12120 | Lair:5   | Lost mutation: Your flesh is very heat resistant. (rF++)
                  | [Jiyva's grace]
 12120 | Lair:5   | Lost mutation: Your body has grown eyes which may confuse
                  | attackers. (Acc +3) [Jiyva's grace]
 12120 | Lair:5   | Lost mutation: Your melee attacks may engulf your foes in
                  | ooze. [Jiyva's grace]
 12120 | Lair:5   | Gained mutation: You have large cloven feet. [Jiyva's
                  | grace]
 12120 | Lair:5   | Gained mutation: You have hoof-like feet. [Jiyva's grace]
 12120 | Lair:5   | Gained mutation: You have hooves in place of feet. [Jiyva's
                  | grace]
 12120 | Lair:5   | Gained mutation: You are covered in slimy tendrils that may
                  | disarm your opponents. [Jiyva's grace]
 12486 | Lair:5   | Reached skill level 7 in Armour
 12500 | Lair:5   | Reached skill level 10 in Fighting
 12877 | Lair:5   | Found a runed translucent door.
 12886 | Lair:5   | Reached XP level 14. HP: 142/143 MP: 13/13
 13081 | Lair:5   | Paralysed by a hornet for 1 turns
 13084 | Lair:5   | Paralysed by a hornet for 2 turns
 13110 | Lair:5   | Identified a scroll of acquirement
 13110 | Lair:5   | Acquired 987 gold pieces
 13381 | D:11     | XOM: give mutations
 13381 | D:11     | Lost mutation: Your flesh is heat resistant. (rF+) [Xom's
                  | mischief]
 13381 | D:11     | Lost mutation: You are covered in slimy tendrils that may
                  | disarm your opponents. [Xom's mischief]
 13381 | D:11     | Gained mutation: Armour fits poorly on your strangely
                  | shaped body. [Xom's mischief]
 13501 | D:11     | Was forgiven by Xom
 13553 | D:11     | Identified the +2 hat of the Hungering Gods {rElec rF+ rC-
                  | SInv}
 13715 | D:11     | Lost mutation: You have a small jelly attached to you that
                  | may absorb projectiles. [Jiyva's grace]
 13715 | D:11     | Gained mutation: Your melee attacks may engulf your foes in
                  | ooze. [Jiyva's grace]
 13715 | D:11     | Gained mutation: You have acidic saliva. [Jiyva's grace]
 13715 | D:11     | Gained mutation: You are agile. (Dex +4, Str/Int -1)
                  | [Jiyva's grace]
 13715 | D:11     | Gained mutation: You are very agile. (Dex +8, Str/Int -2)
                  | [Jiyva's grace]
 13985 | D:11     | Reached skill level 8 in Armour
 14376 | D:12     | Found a staircase to the Orcish Mines.
 14773 | Orc:1    | Entered Level 1 of the Orcish Mines
 14937 | Orc:2    | Entered Level 2 of the Orcish Mines
 14964 | Orc:2    | Found a staircase to the Elven Halls.
 15139 | Orc:2    | Lost mutation: You are very agile. (Dex +8, Str/Int -2)
                  | [Jiyva's grace]
 15139 | Orc:2    | Lost mutation: Your transparent skin significantly reduces
                  | your foes' accuracy. (Stealth+) [Jiyva's grace]
 15139 | Orc:2    | Lost mutation: Your translucent skin reduces your foes'
                  | accuracy. (Stealth+) [Jiyva's grace]
 15139 | Orc:2    | Lost mutation: Your melee attacks may engulf your foes in
                  | ooze. [Jiyva's grace]
 15139 | Orc:2    | Gained mutation: You have a pair of small antennae on your
                  | head. [Jiyva's grace]
 15139 | Orc:2    | Gained mutation: You have a pair of antennae on your head.
                  | [Jiyva's grace]
 15139 | Orc:2    | Gained mutation: You have a pair of large antennae on your
                  | head. (SInv) [Jiyva's grace]
 15139 | Orc:2    | Gained mutation: You are strong-willed. (Will+) [Jiyva's
                  | grace]
 15202 | Orc:2    | Reached skill level 11 in Fighting
 15237 | Orc:2    | Reached skill level 9 in Armour
 15689 | Orc:2    | Found Mommer's Jewellery Shop.
 15690 | Orc:2    | Found Jeogh's Magic Scroll Boutique.
 15695 | Orc:2    | Found Zibem's General Store.
 15704 | Orc:2    | Found Petomaxi's Antique Armour Shop.
 15719 | Orc:2    | Bought an ichor-stained orb for 490 gold pieces
 15719 | Orc:2    | Identified the orb "Osot" {light, Rampage rF+ Int+6 Dex+3}
                  | (You bought it in a shop on level 2 of the Orcish Mines)
 16189 | D:13     | Reached skill level 1 in Throwing
 16714 | D:13     | Reached skill level 2 in Throwing
 17080 | D:14     | Reached skill level 10 in Armour
 17104 | D:14     | Reached XP level 15. HP: 156/156 MP: 14/14
 17266 | D:14     | Reached skill level 3 in Throwing
 17303 | D:14     | Found a runed translucent door.
 17358 | D:14     | Gained mutation: You possess an exceptional clarity of
                  | mind. [Jiyva's grace]
 17358 | D:14     | Gained mutation: Armour fits poorly on your pseudopods.
                  | [Jiyva's grace]
 17358 | D:14     | Gained mutation: Armour fits poorly on your large
                  | pseudopods. [Jiyva's grace]
 17358 | D:14     | Gained mutation: Armour fits poorly on your massive
                  | pseudopods. [Jiyva's grace]
 17489 | D:14     | Found a gate to the Vaults.
 17665 | D:14     | Reached skill level 4 in Throwing
 17737 | D:15     | Entered Level 15 of the Dungeon
 17743 | D:15     | Found an iron altar of Okawaru.
 17803 | D:15     | Found a staircase to the Depths.
 17874 | D:15     | Found a shadowy altar of Dithmenos.
 17900 | D:15     | Reached skill level 5 in Throwing
 18102 | D:15     | Reached skill level 11 in Armour
 18115 | D:15     | Reached skill level 6 in Throwing
 18388 | D:15     | Lost mutation: You are strong-willed. (Will+) [potion of
                  | mutation]
 18388 | D:15     | Lost mutation: Armour fits poorly on your strangely shaped
                  | body. [potion of mutation]
 18388 | D:15     | Lost mutation: You are agile. (Dex +4, Str/Int -1) [potion
                  | of mutation]
 18577 | Snake:1  | Entered Level 1 of the Snake Pit
 18766 | Snake:1  | Reached skill level 7 in Throwing
 18965 | Snake:1  | Reached skill level 12 in Armour
 18969 | Snake:1  | Reached skill level 8 in Throwing
 18994 | Snake:1  | Reached XP level 16. HP: 93/165 MP: 15/15
 19100 | Snake:1  | Identified the staff "Bepnozott" {rElec rC+ Will+ Ice}
 19410 | Snake:2  | Noticed Mlioglotl
 19418 | Snake:2  | Killed Mlioglotl
 19419 | Snake:2  | Reached skill level 9 in Throwing
 19487 | Snake:2  | Noticed Jorgrun
 19493 | Snake:2  | Noticed Vashnia
 19541 | Snake:2  | Killed Jorgrun
 19570 | Snake:2  | Reached skill level 13 in Armour
 19627 | Snake:2  | Killed Vashnia
 19628 | Snake:2  | Reached skill level 10 in Throwing
 20044 | Snake:3  | Found Usueh's Vocational Training.
 20087 | Snake:3  | Lost mutation: You have a pair of large antennae on your
                  | head. (SInv) [Jiyva's grace]
 20087 | Snake:3  | Lost mutation: You have a pair of antennae on your head.
                  | [Jiyva's grace]
 20087 | Snake:3  | Lost mutation: You have hooves in place of feet. [Jiyva's
                  | grace]
 20087 | Snake:3  | Lost mutation: You have acidic saliva. [Jiyva's grace]
 20087 | Snake:3  | Gained mutation: You have a somewhat thin skeletal
                  | structure. (Dex +2, Stealth+) [Jiyva's grace]
 20087 | Snake:3  | Gained mutation: You have a moderately thin skeletal
                  | structure. (Dex +4, Stealth++) [Jiyva's grace]
 20087 | Snake:3  | Gained mutation: You have an unnaturally thin skeletal
                  | structure. (Dex +6, Stealth+++) [Jiyva's grace]
 20087 | Snake:3  | Gained mutation: You are partially covered in iridescent
                  | scales. (AC +2) [Jiyva's grace]
 20293 | Snake:3  | Reached skill level 12 in Fighting
 21204 | Snake:4  | Entered Level 4 of the Snake Pit
 21263 | Snake:4  | Reached XP level 17. HP: 143/175 MP: 16/16
 21414 | Snake:4  | Reached skill level 13 in Fighting
 21586 | Snake:4  | Found Pigh's Jewellery Boutique.
 21603 | Snake:4  | Found Cauw Timn's Book Emporium.
 21603 | Snake:4  | Found Muucekla's Book Emporium.
 21969 | Snake:4  | Reached skill level 14 in Fighting
 22295 | Snake:4  | Reached skill level 15 in Fighting
 22392 | Snake:4  | Got a serpentine rune of Zot
 22463 | Snake:4  | Lost mutation: You have hoof-like feet. [Jiyva's grace]
 22463 | Snake:4  | Lost mutation: You have an unnaturally thin skeletal
                  | structure. (Dex +6, Stealth+++) [Jiyva's grace]
 22463 | Snake:4  | Lost mutation: You have a moderately thin skeletal
                  | structure. (Dex +4, Stealth++) [Jiyva's grace]
 22463 | Snake:4  | Lost mutation: You possess an exceptional clarity of mind.
                  | [Jiyva's grace]
 22463 | Snake:4  | Lost mutation: Armour fits poorly on your massive
                  | pseudopods. [Jiyva's grace]
 22463 | Snake:4  | Gained mutation: Armour fits poorly on your massive
                  | pseudopods. [Jiyva's grace]
 22463 | Snake:4  | Gained mutation: You expend magic power (3 MP) to
                  | strengthen your wands. [Jiyva's grace]
 22463 | Snake:4  | Gained mutation: You have acidic saliva. [Jiyva's grace]
 22463 | Snake:4  | Gained mutation: You possess an exceptional clarity of
                  | mind. [Jiyva's grace]
 22857 | Vaults:1 | Entered Level 1 of the Vaults
 23163 | Vaults:1 | Reached skill level 20 in Unarmed Combat
 23378 | Vaults:1 | HP: 13/184 [ironbound thunderhulk/bolt of lightning (62)]
 23385 | Vaults:1 | HP: 2/184 [ironbound thunderhulk/bolt of lightning (17)]
 23394 | Vaults:1 | Reached XP level 18. HP: 15/195 MP: 17/17
 23612 | Vaults:1 | Found Obaaph's Book Boutique.
 23645 | Vaults:1 | Found Bico's General Store.
 23653 | Vaults:1 | Bought a scroll of acquirement for 936 gold pieces
 23653 | Vaults:1 | Bought a scroll of enchant armour for 135 gold pieces
 23653 | Vaults:1 | Bought a potion of curing for 54 gold pieces
 23653 | Vaults:1 | Acquired 903 gold pieces
 23739 | Vaults:1 | Found Sialul's Book Boutique.
 23868 | Vaults:1 | Found Gajerghaty's Book Boutique.
 23954 | Vaults:1 | Lost mutation: You are partially covered in iridescent
                  | scales. (AC +2) [Jiyva's grace]
 23954 | Vaults:1 | Lost mutation: You possess an exceptional clarity of mind.
                  | [Jiyva's grace]
 23954 | Vaults:1 | Lost mutation: Armour fits poorly on your massive
                  | pseudopods. [Jiyva's grace]
 23954 | Vaults:1 | Lost mutation: You expend magic power (3 MP) to strengthen
                  | your wands. [Jiyva's grace]
 23954 | Vaults:1 | Gained mutation: You are agile. (Dex +4, Str/Int -1)
                  | [Jiyva's grace]
 23954 | Vaults:1 | Gained mutation: You are very agile. (Dex +8, Str/Int -2)
                  | [Jiyva's grace]
 23954 | Vaults:1 | Gained mutation: You are partially covered in iridescent
                  | scales. (AC +2) [Jiyva's grace]
 23954 | Vaults:1 | Gained mutation: You are mostly covered in iridescent
                  | scales. (AC +4) [Jiyva's grace]
 23992 | Vaults:1 | Found Acvaa's Jewellery Emporium.
 24293 | Vaults:2 | Reached skill level 1 in Shields
 24293 | Vaults:2 | Identified a potion of experience
 24303 | Vaults:2 | Reached skill level 16 in Fighting
 24310 | Vaults:2 | Reached skill level 2 in Shields
 24332 | Vaults:2 | Reached skill level 5 in Shields
 24332 | Vaults:2 | Reached XP level 19. HP: 158/204 MP: 18/18
 24391 | Vaults:2 | Found a staircase to the Crypt.
 24391 | Vaults:2 | Found a basalt altar of Yredelemnul.
 24391 | Vaults:2 | Found an ancient bone altar of Kikubaaqudgha.
 24599 | Vaults:2 | Reached skill level 6 in Shields
 25572 | Vaults:3 | Lost mutation: You are very agile. (Dex +8, Str/Int -2)
                  | [Jiyva's grace]
 25572 | Vaults:3 | Lost mutation: Armour fits poorly on your large pseudopods.
                  | [Jiyva's grace]
 25572 | Vaults:3 | Lost mutation: Armour fits poorly on your pseudopods.
                  | [Jiyva's grace]
 25572 | Vaults:3 | Lost mutation: Your translucent skin slightly reduces your
                  | foes' accuracy. (Stealth+) [Jiyva's grace]
 25572 | Vaults:3 | Gained mutation: You have a small jelly attached to you
                  | that senses nearby items. [Jiyva's grace]
 25572 | Vaults:3 | Gained mutation: Your spells are a little harder to cast,
                  | but a little more powerful. [Jiyva's grace]
 25572 | Vaults:3 | Gained mutation: Your spells are harder to cast, but more
                  | powerful. [Jiyva's grace]
 25572 | Vaults:3 | Gained mutation: Your spells are much harder to cast, but
                  | much more powerful. [Jiyva's grace]
 25627 | Vaults:3 | Reached skill level 7 in Shields
 26095 | Vaults:3 | Reached skill level 8 in Shields
 26176 | Vaults:3 | Reached skill level 17 in Fighting
 26578 | Vaults:4 | Identified the +4 spear "Cookie Cutter" {heavy, Stlth+}
 26627 | Vaults:4 | Found Kaoch's Armour Shop.
 26911 | Vaults:4 | Reached skill level 9 in Shields
 26911 | Vaults:4 | Reached XP level 20. HP: 218/218 MP: 19/19
 27132 | Vaults:4 | Found a transporter.
 27180 | Vaults:4 | Found a transporter.
 27316 | Vaults:4 | Found Mosaatung's General Store.
 27782 | Vaults:4 | Slain by a yaktaur captain simulacrum

Vanquished Creatures
  Vashnia (Snake:2)
  Jorgrun (Snake:2)
  Mlioglotl (Snake:2)
  A sphinx (Vaults:4)
  2 nagarajas (Snake:4)
  3 vault wardens
  A deep elf sorcerer (Vaults:4)
  14 ironbound preservers
  2 orc warlords
  9 ironbound thunderhulks
  A very ugly thing (D:15)
  15 dire elephants
  An entropy weaver (Vaults:3)
  An ice dragon (Lair:5)
  5 yaktaur captains
  A vault guard (Vaults:3)
  Fannar (Lair:1)
  A peacekeeper (Vaults:3)
  A catoblepas (Lair:5)
  3 ogre magi
  7 ironbound frosthearts
  4 hydras
  3 salamander tyrants
  11 anacondas
  12 death yaks
  6 centaur warriors
  A boulder beetle (Vaults:1)
  29 naga warriors
  3 deep troll earth magi (Vaults:4)
  14 two-headed ogres
  2 tengu warriors
  An orc high priest (D:14)
  20 naga sharpshooters
  5 shock serpents
  2 skysharks
  3 skeletal warriors (D:15)
  6 salamander mystics
  2 sea snakes (Snake:2)
  8 naga ritualists
  41 deep trolls
  8 ironbound convokers
  7 wizards
  4 orc knights (Vaults:3)
  2 deep elf pyromancers (D:14)
  5 harpies (Vaults:1)
  8 lindwurms
  7 cyclopes
  8 mana vipers
  4 orc sorcerers
  25 ugly things
  A wolf spider (shapeshifter) (Vaults:1)
  19 salamanders
  4 manticores
  Maurice (D:9)
  17 vault sentinels
  10 guardian serpents
  55 black mambas
  17 elephants
  29 naga magi
  A gargoyle (D:11)
  6 torpor snails
  12 cane toads
  2 efreet (D:15)
  An unseen horror (D:13)
  5 komodo dragons
  9 yaktaurs
  2 rime drakes
  A tengu conjurer (D:15)
  12 trolls
  3 meliai (D:14)
  4 polar bears
  6 hornets (Lair:5)
  3 tyrant leeches (Lair:5)
  17 blink frogs
  A spriggan (shapeshifter) (D:14)
  A shadow (D:10)
  63 yaks
  5 wyverns
  A wraith (D:12)
  4 basilisks
  12 vampire mosquitoes
  6 wargs
  69 nagas
  3 swamp worms (Lair:3)
  3 acid dragons
  6 water moccasins
  An ice beast (D:8)
  22 orc warriors
  4 black bears
  23 ogres
  An ogre (shapeshifter) (D:15)
  3 centaurs
  A phantom (D:6)
  3 kobold brigands
  10 bullfrogs
  4 gnoll sergeants
  4 scorpions
  21 killer bees
  3 electric eels
  2 howler monkeys
  12 orc priests
  A gnoll bouda (D:7)
  4 hounds
  3 sleepcaps
  4 iguanas
  11 orc wizards
  9 hell rats
  19 gnolls
  13 adders
  A river rat (Lair:3)
  A shadow imp (D:7)
  A white imp (D:5)
  2 ufetubi (D:4)
  A dart slug (D:3)
  63 orcs
  9 endoplasms
  3 giant cockroaches
  5 goblins
  8 hobgoblins
  6 jackals
  6 quokkas
  4 ball pythons
  10 bats
  3 frilled lizards
  21 kobolds
  8 rats
1064 creatures vanquished.

Vanquished Creatures (collateral kills)
  An orc warlord (Vaults:3)
  An ironbound preserver (Vaults:1)
  A centaur warrior (Vaults:1)
  A two-headed ogre (Orc:2)
  A deep troll (Vaults:1)
  An orc knight (Vaults:3)
  2 komodo dragons (Lair:1)
  A troll (Orc:2)
  2 ogres (Orc:2)
11 creatures vanquished.

Vanquished Creatures (others)
  An azure jelly (Vaults:4)
  A tengu reaver (Vaults:4)
  A fire giant (Vaults:4)
  An ironbound preserver (Vaults:3)
  An ettin (shapeshifter) (Vaults:1)
  6 great orbs of eyes
  2 yaktaur captains (Vaults:4)
  2 ogre magi (Vaults:4)
  A centaur warrior (D:14)
  A two-headed ogre (shapeshifter) (D:15)
  A naga warrior (Snake:4)
  2 glowing orange brains (shapeshifter)
  2 ironbound convokers
  A wizard (Vaults:1)
  5 lindwurms
  A necromancer (Vaults:4)
  A manticore (D:14)
  An ugly thing (D:15)
  A cyclops (D:12)
  A black mamba (Snake:3)
  4 vault sentinels
  30 slime creatures
  A slime creature (shapeshifter) (Vaults:4)
  A wraith (D:12)
  A basilisk (Lair:1)
  A wyvern (Lair:3)
  3 vampire mosquitoes (D:12)
  2 nagas
  2 water moccasins
  2 orc warriors (D:12)
  An ogre (shapeshifter) (Vaults:1)
  An ogre (Orc:2)
  5 boggarts (Vaults:1)
  2 bullfrogs (Lair:3)
  A bullfrog (shapeshifter) (Vaults:1)
  A scorpion (D:5)
  A wight (D:10)
  129 jellies
  3 orc priests
  A sleepcap (D:8)
  A gnoll (D:4)
  A white imp (D:5)
  4 orcs
  4 bats (Orc:2)
  3 endoplasms (D:4)
  A giant cockroach (D:4)
  A quokka (D:5)
  A ball python (D:4)
241 creatures vanquished.

Grand Total: 1316 creatures vanquished

Table legend: (Time is in decaauts)
 A = Elapsed time spent in this place.
 B = Non-inter-level travel time spent in this place.
 C = Inter-level travel time spent in this place.
 D = Time resting spent in this place.
 E = Time spent auto-exploring this place.
 F = Levels seen in this place.
 G = Mean time per level.
                   A        B        C        D        E       F      G
               +--------+--------+--------+--------+--------+-----+--------+
         Total |  26915 |  25202 |   1713 |    567 |  19588 |  35 |  769.0 |
       Dungeon |  11037 |  10245 |    792 |     59 |   8566 |  15 |  735.8 |
          Lair |   5021 |   4705 |    316 |     19 |   3732 |   5 | 1004.2 |
     Snake Pit |   3902 |   3737 |    165 |    266 |   2295 |   4 |  975.5 |
    Slime Pits |   1000 |    886 |    114 |      0 |    790 |   5 |  200.0 |
  Orcish Mines |   1239 |   1114 |    125 |      6 |    822 |   2 |  619.5 |
        Vaults |   4714 |   4515 |    199 |    217 |   3382 |   4 | 1178.5 |
               +--------+--------+--------+--------+--------+-----+--------+

Top non-repeatable levels by time:
 Snake:4: 1356 daAuts
Vaults:1: 1248 daAuts
Vaults:4: 1238 daAuts
Vaults:3: 1181 daAuts
  Lair:5: 1166 daAuts
  Lair:3: 1152 daAuts
 Snake:3: 1108 daAuts
     D:3: 1101 daAuts
Vaults:2: 1046 daAuts
  Lair:4: 1020 daAuts
    D:11: 980 daAuts
    D:13: 931 daAuts
 Slime:5: 913 daAuts
     D:8: 867 daAuts
  Lair:1: 866 daAuts

Table legend:
 A = Non-vault XP
 B = Vault XP
 C = Vault XP percentage of total XP
 D = Non-vault monster count
 E = Vault monster count
 F = Vault count percentage of total count
                 A         B        C        D         E       F
            +---------+---------+-------+---------+---------+-------
      Total |  266038 |  139559 |  34.4 |     785 |     297 |  27.4
            +---------+---------+-------+---------+---------+-------
        D:1 |      51 |       8 |  13.6 |      29 |       5 |  14.7
        D:2 |      29 |      46 |  61.3 |      10 |       7 |  41.2
        D:3 |      44 |       0 |   0.0 |      17 |       0 |   0.0
        D:4 |     735 |      79 |   9.7 |      17 |       4 |  19.0
        D:5 |     665 |       0 |   0.0 |      10 |       0 |   0.0
        D:6 |     745 |       0 |   0.0 |      21 |       0 |   0.0
        D:7 |     941 |       0 |   0.0 |      37 |       0 |   0.0
        D:8 |    1595 |       0 |   0.0 |      18 |       0 |   0.0
        D:9 |    2081 |     280 |  11.9 |      26 |       1 |   3.7
       D:10 |    2795 |     698 |  20.0 |      28 |       9 |  24.3
       D:11 |    2607 |       0 |   0.0 |      12 |       0 |   0.0
       D:12 |    1300 |       0 |   0.0 |       6 |       0 |   0.0
       D:13 |    3294 |    1483 |  31.0 |      10 |      24 |  70.6
       D:14 |    4283 |    6422 |  60.0 |      11 |      18 |  62.1
       D:15 |   15110 |    2687 |  15.1 |      26 |       4 |  13.3
     Lair:1 |    6945 |     873 |  11.2 |      29 |       1 |   3.3
     Lair:2 |    2811 |     468 |  14.3 |      16 |       1 |   5.9
     Lair:3 |    7300 |     496 |   6.4 |      28 |       4 |  12.5
     Lair:4 |   13620 |    4136 |  23.3 |      38 |       9 |  19.1
     Lair:5 |   15148 |    9099 |  37.5 |      39 |      21 |  35.0
    Snake:1 |   17383 |   11297 |  39.4 |      37 |      28 |  43.1
    Snake:2 |   17682 |    9758 |  35.6 |      36 |       7 |  16.3
    Snake:3 |   23552 |    4593 |  16.3 |      50 |       9 |  15.3
    Snake:4 |   37269 |   19431 |  34.3 |      77 |      33 |  30.0
      Orc:1 |    3040 |       0 |   0.0 |      23 |       0 |   0.0
      Orc:2 |    1946 |   14672 |  88.3 |      22 |      40 |  64.5
   Vaults:1 |   19875 |   15817 |  44.3 |      27 |      23 |  46.0
   Vaults:2 |   20767 |    5537 |  21.1 |      32 |       9 |  22.0
   Vaults:3 |   32730 |    9801 |  23.0 |      40 |      12 |  23.1
   Vaults:4 |    9695 |   21878 |  69.3 |      13 |      28 |  68.3
            +---------+---------+-------+---------+---------+-------
